 Dungeon Crawl Stone Soup version 0.32-a0-886-g41c5271027 (webtiles) character file.

Game seed: 1378868857520079722

7078 Ruich the Grappler (level 10, 0/106 HPs)
             Began as a Troll Chaos Knight on Apr 3, 2024.
             Was a Plaything of Xom.
             Slain by a harpy zombie (8 damage)
             ... on level 2 of the Abyss.
             The game lasted 00:18:20 (8068 turns).

Ruich the Grappler (Troll Chaos Knight)             Turns: 8068, Time: 00:18:21

Health: 0/106      AC:  7    Str: 26    XL:     10   Next: 84%
Magic:  0/9        EV: 14    Int:  7    God:    Xom [.....*]
Gold:   717        SH:  0    Dex: 12    Spells: 9/9 levels left

rFire   . .          .
                       - Unarmed
rCold   . . .        (no shield)
rNeg    . . .        B - +2 troll leather armour
rPois   .            (helmet restricted)
rElec   .            (no cloak)
rCorr   .            (gloves unavailable)
SInv    .            (boots unavailable)
Will    .....        o - amulet of guardian spirit
Stlth   +            m - +5 ring of evasion
HPRegen 1.97/turn    (no ring)
MPRegen 0.11/turn

%: guardian spirit
@: about to teleport, slowed, very slow
A: large, unfitting armour, claws 3, regeneration 1, shaggy fur 1, tough skin 1,
strong 1, (teleportitis 1)
a: Renounce Religion


You were on level 2 of the Abyss.
You worshipped Xom.
You were Xom's teddy bear.
You visited 1 branch of the dungeon, and saw 10 of its levels.
You visited the Abyss 1 time.
You also visited: Sewer.

You collected 717 gold pieces.


Innate Abilities, Weirdness & Mutations

You are too large for most types of armour.
You have claws for hands.
Your natural rate of healing is unusually fast.
You are covered in fur. (AC +1)
You have tough skin. (AC +1)
Your muscles are strong. (Str +4, Int/Dex -1)
((You are occasionally teleported next to monsters.))


   Skills:
 + Level 8.5 Fighting
 + Level 3.0 Dodging
 * Level 13.6 Unarmed Combat


You had 9 spell levels left.
You didn't know any spells.
Your spell library contained the following spells:

 Spells                   Type           Power      Damage    Failure   Level
 Kiss of Death            Conj/Necr      0%         2d5       47%         1
 Magic Dart               Conj           0%         1d3       47%         1
 Lesser Beckoning         Tloc           0%         N/A       63%         2
 Searing Ray              Conj           0%         2d4       63%         2
 Confusing Touch          Hex            0%         N/A       85%         3
 Maxwell's Portable Pile  Tloc           0%         2d(5-13)  85%         3
 Sigil of Binding         Hex            0%         N/A       85%         3
 Teleport Other           Tloc           0%         N/A       85%         3
 Dispel Undead            Necr           0%         3d6       99%         4
 Fulminant Prism          Conj/Alch      0%         3d5       99%         4
 Leda's Liquefaction      Alch/Erth      0%         N/A       99%         4
 Lee's Rapid Deconstruct  Erth           0%         3d4*      100%        5
 Death Channel            Necr           0%         N/A       100%        6
 Permafrost Eruption      Ice/Erth       0%         2x4d1     100%        6
 Sculpt Simulacrum        Ice/Alch       0%         N/A       100%        6

Inventory:

Hand Weapons
 D - a +4 scimitar of flaming
Missiles
 t - 21 poisoned darts (quivered)
Armour
 B - a +2 troll leather armour (worn)
Magical Staves
 v - a staff of alchemy {!a}
Jewellery
 e - a ring of fire
 m - a +5 ring of evasion (left claw)
 o - an amulet of guardian spirit (around neck)
 w - a ring of fire
 C - a ring of magical power
Wands
 p - a wand of flame (18)
Scrolls
 a - a scroll of vulnerability
 b - a scroll of butterflies
 f - a scroll of teleportation {@r2}
 g - a scroll of revelation
 h - 6 scrolls of fear
 i - 2 scrolls of brand weapon
 u - a scroll of immolation
 x - 3 scrolls of torment {unknown}
 y - a scroll of fog
 z - 3 scrolls of identify {@r1}
 A - a scroll of amnesia
Potions
 c - 2 potions of curing {@q1}
 d - 2 potions of enlightenment
 j - a potion of mutation
 k - 2 potions of haste {@q3}
 l - 2 potions of lignification
 n - a potion of resistance
 q - 7 potions of brilliance
 r - a potion of attraction
 s - 4 potions of might

Dungeon Overview and Level Annotations

Branches:
Dungeon (10/15) Zot: 26397  Temple (0/1) D:7            Lair (0/5) D:10
  Sewer (visited)
    Orc: D:9-12

Altars:
Ashenzari
Gozag
Kikubaaqudgha
Makhleb
Okawaru
Trog
Uskayaw
Wu Jian
Xom
Zin
The Shining One

Annotations:
D:10 Sonja

.##.#.##...# .#.
... ..## 3.# .
#..#.#.........
........#.#..###.
####.#.#.##.....
######..#.§§.#...#
......#.5..§.#..##
#.§#..#....#..##
#.#.@Z.....# #.
##.#..#..# ..
.....>..#
#.§###....# ##..
###..# .## #. . .


You could see a white imp (fleeing) and a harpy zombie.


Message History

The harpy zombie claws you!
* * * LOW HITPOINT WARNING * * *
The harpy zombie completely misses you. The harpy zombie misses you.
The harpy zombie claws you.
* * * LOW HITPOINT WARNING * * *
Something completely misses you.
As you read the scroll of teleportation {@r2}, it crumbles to dust.
You feel strangely unstable.
You feel the power of the Abyss delaying your translocation!
The harpy zombie claws you.
* * * LOW HITPOINT WARNING * * *
The harpy zombie closely misses you. The harpy zombie misses you.
The harpy zombie claws you.
* * * LOW HITPOINT WARNING * * *
The harpy zombie misses you. The harpy zombie claws you!
* * * LOW HITPOINT WARNING * * *
Something hits you but does no damage. The harpy zombie claws you!
* * * LOW HITPOINT WARNING * * *
The harpy zombie claws you but does no damage.
Unknown command.
As you read the scroll of fear, it crumbles to dust.
You assume a fearsome visage.
The harpy zombie is unaffected.
The white imp looks frightened!
The harpy zombie claws you.
* * * LOW HITPOINT WARNING * * *
The harpy zombie claws you!
* * * LOW HITPOINT WARNING * * *
The harpy zombie claws you but does no damage.
The harpy zombie claws you!
You die...
Xom giggles madly!

Skill      XL: |  1  2  3  4  5  6  7  8  9 10 |
---------------+-------------------------------+-----
Unarmed Combat | 4 5 6 8 10 12 13 | 13.6
Fighting       | 3 4 5 6 7 8 |  8.5
Dodging        | 3 |  3.0

Action                     |  1- 3 |  4- 6 |  7- 9 | 10-12 || total
---------------------------+-------+-------+-------+-------++-------
  Melee: Unarmed           |   106 |   104 |   296 |   127 ||   633
         Punch             |       |     4 |    14 |     6 ||    24
  Evoke: Wand              |       |       |     2 |       ||     2
    Use: Scroll            |       |    13 |     6 |     9 ||    28
         Potion            |       |       |       |     1 ||     1
   Stab: Sleeping          |     1 |     1 |     2 |       ||     4
         Distracted        |       |       |       |     1 ||     1
 Armour: Robe              |    69 |    52 |   172 |       ||   293
         Steam dragon scal |       |       |     5 |    66 ||    71
         Skin              |       |       |     5 |       ||     5
         Troll leather arm |       |       |       |    44 ||    44
  Dodge: Dodged            |    41 |    45 |   210 |    98 ||   394

Levels and vault maps discovered:
D:1:      evilmike_arrival_plus, layout_rooms, minmay_fountain_box
D:2:      layout_loops_ring, basic_altar
D:3:      layout_loops_ring, nicolae_uskayaw_en_pointe, gup_sewer_entry_pipe,
          shapermc_ecumenical_altar_mp_vishouse, serial_park_tiny_1,
          minmay_pentomino_pile
D:4:      layout_rooms, okawaru_gym_becter, lightli_corner_chamber
D:5:      layout_gridville, mainiacjoe_overflow_alcove_2,
          gammafunk_temple_overflow_arena, patterned_corridor, uniq_eustachio
D:6:      layout_cave_pods, uniq_jeremiah
D:7:      minmay_razor_zed, layout_rooms, minmay_temple_entry_offerings,
          gammafunk_ghost_icy, hangedman_decor_riveting,
          roadster_capsule_ark_zombie
D:8:      layout_basic, st_stairs_3
D:9:      layout_rooms, grunt_temple_overflow_order_and_chaos_1,
          pdpol_wu_jian_five_deadly_venoms, minmay_misc_feat_doors,
          chequers_serial_rivers_room_a
D:10:     layout_loops_ring, lair_entry_dummy, uniq_joseph, uniq_sonja,
          uniq_erica
Abyss:2:  base:
D:10

Notes
Turn   | Place    | Note
-------+----------+-------------------------------------------
     0 | D:1      | Ruich the Troll Chaos Knight began the quest for the Orb.
     0 | D:1      | Reached XP level 1. HP: 22/22 MP: 0/0
    26 | D:1      | XOM: potion effect (haste)
    37 | D:1      | Reached XP level 2. HP: 29/29 MP: 1/1
   107 | D:1      | XOM: silly message
   406 | D:1      | XOM: divination: detect creatures
   531 | D:1      | Reached XP level 3. HP: 36/36 MP: 2/2
   538 | D:1      | XOM: scenery: create altars
   632 | D:2      | Reached skill level 4 in Unarmed Combat
   656 | D:2      | XOM: silly message
  1102 | D:2      | Reached skill level 3 in Fighting
  1127 | D:2      | Found a glowing golden altar of the Shining One.
  1320 | D:3      | Reached XP level 4. HP: 45/45 MP: 3/3
  1390 | D:3      | Found a glowing drain.
  1413 | Sewer    | Entered a sewer
  1441 | Sewer    | Noticed a kobold brigand
  1444 | Sewer    | XOM: confuse monster(s)
  1454 | Sewer    | Killed a kobold brigand
  1455 | Sewer    | Reached skill level 5 in Unarmed Combat
  1455 | Sewer    | Reached XP level 5. HP: 52/53 MP: 4/4
  1475 | Sewer    | XOM: cast spell 'Summon Ice Beast'
  1527 | Sewer    | XOM: divination: detect creatures
  1545 | Sewer    | Reached XP level 6. HP: 62/62 MP: 5/5
  1571 | Sewer    | Reached skill level 6 in Unarmed Combat
  1600 | Sewer    | XOM: noise
  1618 | Sewer    | XOM: divination: magic mapping
  1668 | Sewer    | XOM: silly message
  1693 | Sewer    | Reached skill level 4 in Fighting
  1964 | D:3      | Noticed a +0 falchion
  1965 | D:3      | Noticed a +0 short sword
  1965 | D:3      | Noticed a +0 short sword
  1966 | D:3      | Noticed a +0 dagger
  1966 | D:3      | Noticed a +0 spear
  2047 | D:3      | Noticed a +0 dagger
  2048 | D:3      | Noticed a +0 spear
  2051 | D:3      | Noticed a +0 falchion
  2055 | D:3      | Found a hide-covered altar of Uskayaw.
  2130 | D:3      | XOM is BORED!
  2130 | D:3      | XOM: noise
  2365 | D:3      | Found a faded altar of an unknown god.
  2710 | D:4      | Reached XP level 7. HP: 70/70 MP: 4/6
  2711 | D:4      | XOM: butterfly on damage
  2716 | D:4      | Reached skill level 7 in Unarmed Combat
  2781 | D:4      | XOM: divination: magic mapping
  2813 | D:4      | Found an iron altar of Okawaru.
  2970 | D:4      | XOM: potion effect (haste)
  3228 | D:5      | Entered Level 5 of the Dungeon
  3229 | D:5      | Found a broken altar of Ashenzari.
  3269 | D:5      | Reached skill level 5 in Fighting
  3319 | D:5      | XOM is BORED!
  3319 | D:5      | XOM: 3-stop teleportation journey
  3357 | D:5      | Found a burning altar of Makhleb.
  3361 | D:5      | Found a bloodstained altar of Trog.
  3361 | D:5      | Found an opulent altar of Gozag.
  3361 | D:5      | Noticed a wyvern
  3361 | D:5      | Noticed a wraith
  3363 | D:5      | Found a transporter.
  3363 | D:5      | Noticed a yak
  3366 | D:5      | Noticed a troll
  3374 | D:5      | Found a transporter.
  3425 | D:5      | Reached skill level 8 in Unarmed Combat
  3425 | D:5      | Reached XP level 8. HP: 53/80 MP: 3/7
  3726 | D:5      | XOM: give mutations
  3726 | D:5      | Gained mutation: Your spells are a little easier to cast,
                  | but a little less powerful. [Xom's mischief]
  3726 | D:5      | Lost mutation: Your spells are a little easier to cast, but
                  | a little less powerful. [Xom's mischief]
  3726 | D:5      | Gained mutation: Your spells are a little easier to cast,
                  | but a little less powerful. [Xom's mischief]
  3752 | D:5      | XOM: give mutations
  3752 | D:5      | Gained mutation: Your muscles are strong. (Str +4, Int/Dex
                  | -1) [Xom's mischief]
  3752 | D:5      | Gained mutation: You are partially covered in large bone
                  | plates. (SH +4) [Xom's mischief]
  3752 | D:5      | Lost mutation: Your spells are a little easier to cast, but
                  | a little less powerful. [Xom's mischief]
  3752 | D:5      | Lost mutation: You are partially covered in large bone
                  | plates. (SH +4) [Xom's mischief]
  3851 | D:5      | Noticed Eustachio
  3858 | D:5      | XOM: blink monster(s)
  3862 | D:5      | Killed Eustachio
  3863 | D:5      | Reached skill level 9 in Unarmed Combat
  3927 | D:6      | Noticed Jeremiah
  3940 | D:6      | Killed Jeremiah
  3941 | D:6      | Reached skill level 6 in Fighting
  4034 | D:6      | XOM: chaos cloud
  4041 | D:6      | Reached skill level 10 in Unarmed Combat
  4047 | D:6      | Reached XP level 9. HP: 63/89 MP: 5/8
  4411 | D:6      | XOM: silly message
  4748 | D:7      | XOM: summons 1 hostile demon
  4862 | D:7      | Found an ancient bone altar of Kikubaaqudgha.
  5069 | D:7      | Reached skill level 11 in Unarmed Combat
  5132 | D:7      | Found a staircase to the Ecumenical Temple.
  5241 | D:7      | XOM: confusion (+ monsters)
  5242 | D:7      | Reached skill level 7 in Fighting
  5472 | D:7      | Noticed Shayle's ghost (novice CoAl)
  5494 | D:7      | Found a runed translucent gate.
  5494 | D:7      | Found a runed translucent gate.
  5494 | D:7      | Found a runed translucent gate.
  5544 | D:7      | XOM: give mutation
  5544 | D:7      | Gained mutation: You are occasionally teleported next to
                  | monsters. [Xom's mischief]
  5583 | D:8      | XOM: silly message
  5584 | D:8      | XOM: confuse monster(s)
  5601 | D:8      | XOM: cast spell 'Animate Armour'
  5651 | D:8      | Reached skill level 12 in Unarmed Combat
  5728 | D:8      | Reached XP level 10. HP: 88/102 MP: 9/9
  5986 | D:8      | XOM: noise
  6234 | D:8      | Identified a potion of resistance
  6353 | D:5      | XOM: divination: detect creatures
  6355 | D:5      | XOM: potion effect (attraction)
  6369 | D:5      | XOM: confuse monster(s)
  6379 | D:5      | XOM: god gift: scroll labelled JILECV JE YSU {god gift}
  6546 | D:5      | XOM: confuse monster(s)
  6717 | D:7      | Killed Shayle's ghost
  6718 | D:7      | Reached skill level 8 in Fighting
  6718 | D:7      | Reached skill level 13 in Unarmed Combat
  6876 | D:9      | Noticed an angel
  6877 | D:9      | Found a shimmering altar of Xom.
  6877 | D:9      | Found a glowing silver altar of Zin.
  6913 | D:9      | Reached skill level 2 in Dodging
  7016 | D:9      | Identified a +0 robe of resistance
  7216 | D:9      | Found an ornate altar of the Wu Jian Council.
  7412 | D:10     | Entered Level 10 of the Dungeon
  7423 | D:10     | XOM: cloud trail
  7437 | D:10     | XOM: god gift: staff of alchemy
  7583 | D:10     | Found a staircase to the Lair.
  7641 | D:10     | XOM: scenery: create altars
  7861 | D:10     | Noticed Erica
  7872 | D:10     | Killed Erica
  7873 | D:10     | Reached skill level 3 in Dodging
  8015 | D:10     | Noticed Sonja
  8019 | D:10     | You are cast into the Abyss!
  8019 | Abyss:2  | Cast into level 2 of the Abyss (Sonja)
  8068 | Abyss:2  | HP: 8/106 [harpy zombie (6)]
  8068 | Abyss:2  | Slain by a harpy zombie

Vanquished Creatures
  Erica (D:10)
  The ghost of Shayle the Firebug, a novice CoAl of Gozag (D:7)
  Jeremiah (D:6)
  2 trolls
  A shadow (D:9)
  A wraith (D:5)
  A wyvern (D:5)
  A yak (D:5)
  A steam dragon (D:8)
  Eustachio (D:5)
  2 water moccasins
  A black bear (D:6)
  An orc warrior (D:9)
  A sky beast (D:7)
  4 ice beasts
  3 ogres
  A crocodile (Sewer)
  4 centaurs
  A phantom (D:4)
  5 kobold brigands
  A brain worm (Sewer)
  6 bullfrogs
  6 scorpions
  3 killer bees (D:10)
  8 howler monkeys
  6 jellies
  2 centaur zombies (D:7)
  A hound (D:5)
  2 bombardier beetles
  A human zombie (D:7)
  4 orc priests
  3 sleepcaps
  4 iguanas
  A scorpion zombie (D:7)
  5 orc wizards
  3 killer bee zombies (D:7)
  4 hound zombies (D:7)
  A killer bee simulacrum (D:7)
  2 howler monkey zombies (D:7)
  11 adders
  A shadow imp (D:6)
  4 white imps
  A howler monkey simulacrum (D:7)
  6 ufetubi
  2 adder zombies (D:7)
  4 dart slugs
  A ribbon worm (D:2)
  16 orcs
  11 endoplasms
  9 giant cockroaches
  8 goblins
  10 hobgoblins
  3 jackals (Sewer)
  7 quokkas
  8 ball pythons
  4 bats
  6 frilled lizards
  14 kobolds
  5 rats
228 creatures vanquished.

Vanquished Creatures (others)
  A bullfrog (D:8)
1 creature vanquished.

Grand Total: 229 creatures vanquished

Table legend: (Time is in decaauts)
 A = Elapsed time spent in this place.
 B = Non-inter-level travel time spent in this place.
 C = Inter-level travel time spent in this place.
 D = Time resting spent in this place.
 E = Time spent auto-exploring this place.
 F = Levels seen in this place.
 G = Mean time per level.
                   A        B        C        D        E       F      G
               +--------+--------+--------+--------+--------+-----+--------+
         Total |   7950 |   7590 |    360 |    472 |   5260 |  12 |  662.5 |
       Dungeon |   7370 |   7010 |    360 |    472 |   4888 |  10 |  737.0 |
         Abyss |     56 |     56 |      0 |      0 |      0 |   1 |   56.0 |
         Sewer |    523 |    523 |      0 |      0 |    372 |   1 |  523.0 |
               +--------+--------+--------+--------+--------+-----+--------+

Top non-repeatable levels by time:
     D:5: 1023 daAuts
     D:7: 970 daAuts
     D:3: 924 daAuts
     D:6: 835 daAuts
     D:8: 737 daAuts
     D:2: 615 daAuts
    D:10: 601 daAuts
     D:9: 563 daAuts
     D:1: 552 daAuts
     D:4: 546 daAuts
   Sewer: 523 daAuts
 Abyss:2: 56 daAuts

Table legend:
 A = Non-vault XP
 B = Vault XP
 C = Vault XP percentage of total XP
 D = Non-vault monster count
 E = Vault monster count
 F = Vault count percentage of total count
                 A         B        C        D         E       F
            +---------+---------+-------+---------+---------+-------
      Total |    4774 |    5338 |  52.8 |     151 |      77 |  33.8
            +---------+---------+-------+---------+---------+-------
        D:1 |      41 |       0 |   0.0 |      22 |       0 |   0.0
        D:2 |      43 |       0 |   0.0 |      23 |       0 |   0.0
        D:3 |      48 |      23 |  32.4 |       5 |      12 |  70.6
        D:4 |     618 |       0 |   0.0 |      23 |       0 |   0.0
        D:5 |     669 |    1109 |  62.4 |      11 |       5 |  31.2
        D:6 |     574 |     388 |  40.3 |      12 |       1 |   7.7
        D:7 |     649 |    2295 |  78.0 |      13 |      35 |  72.9
        D:8 |     682 |     203 |  22.9 |      14 |       2 |  12.5
        D:9 |     879 |       0 |   0.0 |      23 |       0 |   0.0
       D:10 |     571 |     831 |  59.3 |       5 |       1 |  16.7
      Sewer |       0 |     489 | 100.0 |       0 |      21 | 100.0
            +---------+---------+-------+---------+---------+-------
